 Dungeon Crawl Stone Soup version 0.30-a0-465-g8901f6c8b5 (webtiles) character file.

Game seed: 98024126840719748

206 Darkkill the Shooter (level 5, -3/46 HPs)
             Began as a Minotaur Hunter on Dec 18, 2022.
             Slain by Menkaure (11 damage)
             ... on level 4 of the Dungeon.
             The game lasted 00:03:01 (1872 turns).

Darkkill the Shooter (Minotaur Hunter)              Turns: 1872, Time: 00:03:01

Health: -3/46      AC:  3    Str: 15    XL:     5   Next: 53%
Magic:  4/4        EV: 13    Int:  6    God:
Gold:   72         SH:  0    Dex: 16    Spells: 4/4 levels left

rFire   . . .      SeeInvis .    a - +1 shortbow (vorpal)
rCold   . . .      Faith    .    (shield currently unavailable)
rNeg    . . .      Spirit   .    c - +0 leather armour
rPois   .          Reflect  .    (helmet restricted)
rElec   .          Harm     .    (no cloak)
rCorr   .          Rampage  .    (no gloves)
Will    .....                    (no boots)
Stlth   ++........               (no amulet)
HPRegen 0.27/turn                (no ring)
MPRegen 0.09/turn                (no ring)

@: no status effects
A: horns 2, retaliatory headbutt
a: no special abilities


You were on level 4 of the Dungeon.
You visited 1 branch of the dungeon, and saw 4 of its levels.

You collected 72 gold pieces.

Inventory:

Hand Weapons
 a - a +1 vorpal shortbow (weapon)
Missiles
 e - 35 stones
 f - 8 poisoned darts
 i - 4 boomerangs
Armour
 c - a +0 leather armour (worn)
 d - a +2 tower shield
Scrolls
 b - a scroll of immolation
 k - a scroll of magic mapping
Potions
 h - a potion of attraction
 j - 3 potions of magic
 l - a potion of might {unknown}
 m - a potion of curing {unknown}
 n - 2 potions of resistance
 o - 2 potions of lignification
 p - 2 potions of haste


   Skills:
 + Level 4.0 Fighting
 + Level 5.3 Ranged Weapons
 + Level 3.7 Dodging
 + Level 2.4 Stealth


You had 4 spell levels left.
You didn't know any spells.
Your spell library contained the following spells:

 Spells                   Type           Power      Damage    Failure   Level
 Call Canine Familiar     Summ           0%         N/A       88%         3
 Portal Projectile        Hex/Tloc       0%         N/A       88%         3
 Leda's Liquefaction      Hex/Erth       0%         N/A       99%         4


Dungeon Overview and Level Annotations

Branches:
Dungeon (4/15)
 Temple: D:4-7

Altars:
Fedhas
Makhleb
Uskayaw
Vehumet

Shops:
D:4 *

Annotations:
D:4 Menkaure


Innate Abilities, Weirdness & Mutations

You have a pair of horns on your head.
You reflexively headbutt those who attack you in melee.


Message History

As you read the scroll labelled WITTAPTOFAWO, it crumbles to dust.
It is a scroll of brand weapon.
Your +1 shortbow emits a brilliant flash of light!
a - a +1 vorpal shortbow (weapon)
As you read the scroll labelled CYISHR LEEZANN, it crumbles to dust.
You feel momentarily disoriented.
It was a scroll of magic mapping.
As you read the scroll labelled JEEXKE VOVIO, it crumbles to dust.
You feel strangely unstable.
It was a scroll of teleportation.
Your surroundings suddenly seem different.
There is an open door here.
There is an escape hatch in the floor here.
You slide downwards.
The hatch slams shut behind you.
Found a scroll labelled QUCUCWEL HYIKI and a leather armour.
Found Qyufue's Assorted Antiques.
Found a stone staircase leading up and a stone staircase leading down.
Found a stone staircase leading down.
Menkaure shouts!
The hobgoblin shouts!
The quokka barely misses you. The quokka closely misses you.
Menkaure calls on the powers of darkness!
The quokka convulses!
Your body is wracked with pain!
The hobgoblin convulses!
The quokka bites you. The quokka barely misses you.
The quokka twitches its whiskers.
The quokka barely misses you. You furiously retaliate!
You headbutt the quokka!
You kill the quokka!
There is a stone staircase leading up here.
You climb upwards.
There is a stone staircase leading down here.
You start resting.
HP restored.
You climb downwards.
Level annotation: Menkaure The hobgoblin completely misses you.
There is a stone staircase leading up here.
The hobgoblin hits you.
You climb upwards.
There is a stone staircase leading down here.
You shoot an arrow.
The arrow hits the hobgoblin but does no damage.
The hobgoblin completely misses you.
You shoot an arrow. The arrow hits the hobgoblin.
The hobgoblin is heavily wounded.
The hobgoblin hits you but does no damage. x2
You shoot an arrow. The arrow hits the hobgoblin.
You kill the hobgoblin!
You start resting.
HP restored.
There is a stone staircase leading down here.
You climb downwards.
Level annotation: Menkaure Menkaure gestures wildly while chanting.
Menkaure seems to speed up.
There is a stone staircase leading up here.
Fire: a) +1 shortbow (vorpal)
Press: ? - help, Q - select action, (/) - cycle Shift-Dir - straight line, f - Menkaure
Aim: Menkaure (fast, 78% to hit)
You shoot an arrow. The arrow hits Menkaure.
Menkaure is moderately damaged.
Fire: a) +1 shortbow (vorpal)
Press: ? - help, Q - select action, (/) - cycle Shift-Dir - straight line, f/p - Menkaure
Aim: Menkaure (moderately damaged, fast, 78% to hit)
You shoot an arrow. The arrow hits Menkaure.
Menkaure is moderately damaged.
Fire: a) +1 shortbow (vorpal)
Press: ? - help, Q - select action, (/) - cycle Shift-Dir - straight line, f/p - Menkaure
Aim: Menkaure (moderately damaged, fast, 78% to hit)
You shoot an arrow. The arrow hits Menkaure.
Menkaure is severely damaged.
Fire: a) +1 shortbow (vorpal)
Press: ? - help, Q - select action, (/) - cycle Shift-Dir - straight line, f/p - Menkaure
Aim: Menkaure (severely damaged, fast, 78% to hit)
You shoot an arrow. The arrow barely misses Menkaure.
Menkaure hits you!
Fire: a) +1 shortbow (vorpal)
Press: ? - help, Q - select action, (/) - cycle Shift-Dir - straight line, f/p - Menkaure
Aim: Menkaure (severely damaged, fast, 78% to hit)
You shoot an arrow. The arrow barely misses Menkaure.
Menkaure wails, "Why can't you leave me to my rest?"
Menkaure hits you! Menkaure barely misses you. You furiously retaliate!
You headbutt Menkaure.
Fire: a) +1 shortbow (vorpal)
Press: ? - help, Q - select action, (/) - cycle Shift-Dir - straight line, f/p - Menkaure
Aim: Menkaure (severely damaged, fast, 78% to hit)
You shoot an arrow.
The arrow hits Menkaure but does no damage.
Menkaure is severely damaged.
Menkaure gestures at you while chanting.
Pain shoots through your body!
* * * LOW HITPOINT WARNING * * *
Fire: a) +1 shortbow (vorpal)
Press: ? - help, Q - select action, (/) - cycle Shift-Dir - straight line, f/p - Menkaure
Aim: Menkaure (severely damaged, fast, 78% to hit)
You shoot an arrow. The arrow hits Menkaure.
Menkaure is almost destroyed.
Menkaure hits you.
* * * LOW HITPOINT WARNING * * *
Menkaure hits you!
You die...

#.......#
##+##.......#
#...........#
#..........?###
.#.............#
............##.
##..........8#
.............###
##.......M@....#
#.............#
#.[..>.8...∩...8.
#................
#............>...
###########.....#
8....# ######


You could see Menkaure (fast).

Vanquished Creatures
  A crimson imp (D:3)
  A hound (D:3)
  2 gnolls (D:1)
  4 adders
  A worm (D:3)
  4 dart slugs
  An orc (D:3)
  6 bats
  2 endoplasms
  7 giant cockroaches
  9 goblins
  6 hobgoblins
  4 jackals (D:3)
  8 kobolds
  4 quokkas
  5 ball pythons
  4 frilled lizards
  3 rats
72 creatures vanquished.

Vanquished Creatures (others)
  A plant (D:1)
1 creature vanquished.

Grand Total: 73 creatures vanquished

Notes
Turn   | Place    | Note
-------+----------+-------------------------------------------
     0 | D:1      | Darkkill the Minotaur Hunter began the quest for the Orb.
     0 | D:1      | Reached XP level 1. HP: 18/18 MP: 0/0
    79 | D:1      | Reached skill level 1 in Stealth
    85 | D:1      | Reached XP level 2. HP: 25/25 MP: 1/1
   154 | D:1      | Reached XP level 3. HP: 31/31 MP: 2/2
   720 | D:2      | Reached XP level 4. HP: 38/38 MP: 3/3
   830 | D:2      | Reached skill level 5 in Ranged Weapons
  1160 | D:3      | Reached XP level 5. HP: 46/46 MP: 4/4
  1346 | D:3      | Found a blossoming altar of Fedhas.
  1517 | D:3      | Found a radiant altar of Vehumet.
  1517 | D:3      | Found a burning altar of Makhleb.
  1652 | D:3      | Noticed a +0 dagger
  1652 | D:3      | Noticed a +0 hand axe
  1654 | D:3      | Found a hide-covered altar of Uskayaw.
  1760 | D:4      | Noticed Menkaure
  1760 | D:4      | Found Qyufue's Assorted Antiques.
  1872 | D:4      | HP: 8/46 [Menkaure (5)]
  1872 | D:4      | Slain by Menkaure

Illustrated notes

Levels and vault maps discovered:
D:1:      matt_arrival_grand_opening, layout_rooms, nicolae_grassy_gnolls
D:2:      layout_rooms
D:3:      layout_basic, grunt_temple_overflow_lords_of_destruction,
          old_standard_altar, dancing_weapons_uskayaw
D:4:      nicolae_cairo_tiling_large, layout_rooms,
          mainiacjoe_overflow_concentric_impassable, temple_statues,
          nicolae_stop_n_shop_1, sigmund_edmund_badplayer, uniq_menkaure

Skill      XL: |  1  2  3  4  5 |
---------------+----------------+-----
Stealth        | 1 2 |  2.4
Fighting       | 3 4 |  4.0
Dodging        | 3 |  3.7
Ranged Weapons | 5 |  5.3

Action                   |  1- 3 |  4- 6 || total
-------------------------+-------+-------++-------
 Fire: Shortbow          |    85 |    94 ||   179
  Use: Scroll            |     2 |    10 ||    12
Armor: Leather armour    |     6 |    13 ||    19
Dodge: Dodged            |    23 |    50 ||    73

Table legend: (Time is in decaauts)
 A = Elapsed time spent in this place.
 B = Non-inter-level travel time spent in this place.
 C = Inter-level travel time spent in this place.
 D = Time resting spent in this place.
 E = Time spent auto-exploring this place.
 F = Levels seen in this place.
 G = Mean time per level.
                   A        B        C        D        E       F      G
               +--------+--------+--------+--------+--------+-----+--------+
         Total |   1924 |   1897 |     27 |     85 |   1380 |   4 |  481.0 |
       Dungeon |   1924 |   1897 |     27 |     85 |   1380 |   4 |  481.0 |
               +--------+--------+--------+--------+--------+-----+--------+

Top non-repeatable levels by time:
     D:3: 763 daAuts
     D:2: 619 daAuts
     D:1: 520 daAuts
     D:4: 20 daAuts

Table legend:
 A = Kills in this place as a percentage of kills in entire the game.
 B = Kills by you in this place as a percentage of kills by you in the entire game.
 C = Kills by friends in this place as a percentage of kills by friends in the entire game.
 D = Other kills in this place as a percentage of other kills in the entire game.
 E = Experience gained in this place as a percentage of experience gained in the entire game.
 F = Experience gained in this place divided by the number of levels of this place that you have seen.
                   A       B       C       D       E      F
               +-------+-------+-------+-------+-------+----------------------
         Total | 100.0 | 100.0 |   N/A |   N/A | 100.0 |  73.8
       Dungeon | 100.0 | 100.0 |   N/A |   N/A | 100.0 |  73.8
               +-------+-------+-------+-------+-------+----------------------
